 Dungeon Crawl Stone Soup version 0.20.0-15-g7f486f2 (webtiles) character file.

368 KleinerIrrer the Shield-Bearer (level 6, -7/38 HPs)
             Began as a Gargoyle Fighter on June 24, 2017.
             Killed by divine providence
             ... invoked by an orc priest
              (14 damage)
             ... on level 4 of the Dungeon.
             The game lasted 00:08:56 (3118 turns).

KleinerIrrer the Shield-Bearer (Gargoyle Fighter)   Turns: 3118, Time: 00:08:57

Health: -7/38      AC: 17    Str: 22    XL:     6   Next: 69%
Magic:  6/6        EV:  6    Int:  8    God:
Gold:   213        SH: 10    Dex:  9    Spells: 5/5 levels left

rFire    . . .     SeeInvis .   a - +0 flail
rCold    . . .     Gourm    .   c - +0 shield
rNeg     + . .     Faith    .   q - +0 chain mail
rPois    ∞         Spirit   .   (no helmet)
rElec    +         Reflect  .   (no cloak)
rCorr    +         Harm     .   (no gloves)
MR       .....                  j - +2 pair of boots
Stlth    ..........             (no amulet)
Regen    0.2/turn               (no ring)
MPRegen  0.1/turn               r - ring of resist corrosion

@: no status effects
A: negative energy resistance 1, electricity resistance, unbreathing,
petrification resistance, rot immunity, AC +4
a: no special abilities


You were on level 4 of the Dungeon.
You were hungry.

You visited 1 branch of the dungeon, and saw 4 of its levels.

You collected 213 gold pieces.

Inventory:

Hand Weapons
 a - a +0 flail (weapon)
Armour
 c - a +0 shield (worn)
 j - a +2 pair of boots (worn)
 q - a +0 chain mail (worn)
Jewellery
 r - a ring of resist corrosion (right hand)
 s - an uncursed ring of fire
 x - an uncursed amulet of faith
Scrolls
 t - a scroll of remove curse {unknown}
 u - a scroll of fear
 v - a scroll of identify
 w - a scroll of teleportation
 y - a scroll of immolation {unknown}
Potions
 e - a potion of degeneration
 g - 2 potions of curing
 k - a potion of cancellation {unknown}
 m - a potion of heal wounds {unknown}
 n - a potion of berserk rage {unknown}
 o - a potion of haste {unknown}
 p - a potion of brilliance {unknown}
 z - a potion of magic {unknown}
Books
 b - a book of Cantrips

   Spells                             Type                      Level
   a - Confusing Touch                Hexes                        1
   b - Animate Skeleton               Necromancy                   1
   c - Summon Small Mammal            Summoning                    1
   d - Apportation                    Translocation                1
Comestibles
 d - 5 chunks of flesh
 f - 3 bread rations
 h - a royal jelly
 i - 2 fruits
 l - 2 meat rations


   Skills:
 + Level 4.1 Fighting
 + Level 4.2 Maces & Flails
 + Level 4.2 Armour
 + Level 1.2 Dodging
 + Level 0.2 Stealth
 + Level 5.2 Shields


You had 5 spell levels left.
You didn't know any spells.

Dungeon Overview and Level Annotations

Branches:
Dungeon (4/15)             Temple (0/1) D:4

Altars:
Nemelex Xobeh


Innate Abilities, Weirdness & Mutations

You are resistant to torment.
Your stone body is resilient. (AC +4)
You are immune to poison.
You resist negative energy. (rN+)
You are resistant to electric shocks. (rElec)
You can survive without breathing.
You are immune to petrification.
You are immune to rotting.


Message History

Your shield and chain mail prevent you from hitting the orc.
The frilled lizard bites something.
The orc priest casts a cantrip, but nothing happens.
The orc hits you but does no damage.
You hit the orc but do no damage.
The frilled lizard bites something.
The orc hits you but does no damage.
You are feeling hungry.
You hit the orc.
The orc is severely wounded.
An orc wizard appears from thin air!
Reactivating autopickup.
The orc wizard casts a spell.
The orc wizard flickers and vanishes!
Deactivating autopickup; reactivate with Ctrl-A.
You block the orc's attack.
You hit the orc but do no damage.
The orc is severely wounded.
The orc priest mumbles some strange prayers to Beogh against you.
Beogh smites you!
You die...

...#.###.######......###.########
..##......##.....###.###.#
#####.........######.##..#
......#...........##.##.########
#######..###.....##............#
#...###..#####..##........#
#.#.##...#####..##........#
##.#.##.#.##.....##........#
#####.......#.#o@###.##........#
#....<.#.####...## #.##........#
#.####.#.# ##..# #.##.(......#
..# ..#.# #.## ####.........#
####.###.# #o##P.≈##.......(.#
.....# ..# #o#l.≈P≈#.........#
#####..### ##.##.≈.## < #.o# ####
..#####..####..##


You could see an orc priest and 2 orcs.

Vanquished Creatures
  Sigmund (D:3)
  A hound (D:4)
  A gnoll shaman (D:3)
  A hound skeleton (D:4)
  2 adders
  5 gnolls (D:3)
  An adder skeleton (D:4)
  A worm (D:3)
  3 dart slugs (D:1)
  3 leopard geckos
  6 orcs
  6 giant cockroaches
  4 goblins (D:2)
  6 hobgoblins
  4 quokkas
  3 ball pythons
  4 bats
  4 frilled lizards
  5 kobolds
  2 rats
63 creatures vanquished.

Vanquished Creatures (others)
  5 fungi (D:4)
5 creatures vanquished.

Grand Total: 68 creatures vanquished

Notes
Turn   | Place    | Note
-------+----------+-------------------------------------------
     0 | D:1      | KleinerIrrer the Gargoyle Fighter began the quest for the Orb.
     0 | D:1      | Reached XP level 1. HP: 14/14 MP: 1/1
   436 | D:1      | Reached XP level 2. HP: 19/19 MP: 2/2
   957 | D:2      | Reached XP level 3. HP: 20/24 MP: 3/3
  1689 | D:3      | Reached skill level 4 in Shields
  1722 | D:3      | Reached XP level 4. HP: 28/29 MP: 4/4
  1745 | D:3      | Noticed Sigmund
  1775 | D:3      | Killed Sigmund
  1775 | D:3      | Reached skill level 1 in Dodging
  1775 | D:3      | Reached XP level 5. HP: 8/33 MP: 5/5
  2297 | D:3      | Reached XP level 6. HP: 18/38 MP: 6/6
  2307 | D:3      | Reached skill level 5 in Shields
  2378 | D:3      | Found a sparkling altar of Nemelex Xobeh.
  3068 | D:4      | Found a staircase to the Ecumenical Temple.
  3118 | D:4      | Killed from afar by an orc priest

Skill      XL: |  1  2  3  4  5  6 |
---------------+-------------------+-----
Shields        | 4 5 |  5.2
Fighting       | 4 |  4.1
Maces & Flails | 3 4 |  4.2
Armour         | 4 |  4.2
Dodging        | 1 |  1.2
Stealth        | |  0.2

Action                   |  1- 3 |  4- 6 || total
-------------------------+-------+-------++-------
Melee: Flail             |   155 |   111 ||   266
  Use: Scroll            |     6 |       ||     6
       Potion            |       |     1 ||     1
  Eat: Chunk             |     3 |     4 ||     7
Armor: Scale mail        |   105 |    37 ||   142
       Chain mail        |       |    33 ||    33
Dodge: Dodged            |    57 |    30 ||    87
Block: Shield            |   106 |    70 ||   176
